Cogmind - Beta 13 @@@ ROGUE MODE // 2024.04.17 @ 17:54:25 Player: Some Pennies Result: Destroyed by G9-LJ8(R) with Subdweller Beam Cannon Performance ------------- Evolutions (0) 0 Regions Visited (2) 400 Robots Destroyed (31) 155 Value Destroyed (527) 527 Prototype IDs (0) 0 Alien Tech Used (0) 0 Bonus (0) 0 TOTAL SCORE: 1082 Bonus ------- None Cogmind --------- Core Integrity 0/250 Matter 289/300 Energy 100/100 System Corruption 0% Temperature Cool (9) Movement Treading (160) Location -10/Subcaves Parts ------- > --- POWER (1) -------- (None) > --- PROPULSION (2) --- Light Treads > --- UTILITY (2) ------ Large Storage Unit > --- WEAPON (2) ------- (None) > --- INVENTORY (15) --- Light Ion Engine Light Ion Engine Aluminum Leg Aluminum Leg Improved Heat Sink Large Storage Unit Large Battery (200) Medium Matter Pod (100) Structural Scanner Sensor Array Seismic Detector Particle Gun Light Assault Rifle Mining Laser Peak State ------------ > --- POWER ------------ Light Nuclear Core > --- PROPULSION ------- Light Treads Light Treads > --- UTILITY ---------- Large Storage Unit Structural Scanner > --- WEAPON ----------- Assault Rifle Light Assault Rifle > --- INVENTORY -------- Light Ion Engine Light Ion Engine Aluminum Leg Aluminum Leg Improved Heat Sink Large Storage Unit Large Battery Medium Matter Pod Sensor Array Improved Terrain Scanner Seismic Detector Light Armor Plating Particle Gun Light Assault Rifle Mining Laser [Rating: 11] Favorites ----------- Power Light Nuclear Core Engine Light Ion Engine Power Core Light Nuclear Core Propulsion Light Treads Treads Light Treads Leg Aluminum Leg Utility Large Storage Unit Device Improved Terrain Scanner Storage Large Storage Unit Processor Transport Network Coupler Protection Light Armor Plating Weapon Assault Rifle Ballistic Gun Assault Rifle Special Weapon Mining Laser Build | -11 -10 -10 ------- Run | Yrd Mat Sub Slots Evolved . | . . . Power . | . . . Propulsion . | . . . Utility . | . . . Weapon . | . . . Parts Attached 32 | 12 17 3 Power 6 | 1 5 . Engine 5 | 1 4 . Core 1 | . 1 . Reactor . | . . . Propulsion 10 | 4 6 . Treads 6 | 2 4 . Leg 4 | 2 2 . Wheel . | . . . Hover . | . . . Flight . | . . . Utility 10 | 4 5 1 Device 3 | 2 1 . Storage 4 | 2 2 . Processor 1 | . 1 . Hackware . | . . . Protection 2 | . 1 1 Artifact . | . . . Weapon 6 | 3 1 2 Energy Gun . | . . . Energy Cannon . | . . . Ballistic Gun 5 | 3 1 1 Ballistic Cannon . | . . . Launcher . | . . . Special Weapon 1 | . . 1 Impact Weapon . | . . . Slashing Weapon . | . . . Piercing Weapon . | . . . Special Melee Weapon . | . . . Unidentified Prototypes . | . . . Parts Lost 5 | . . 5 Power 1 | . . 1 Propulsion 1 | . . 1 Utility 1 | . . 1 Weapon 2 | . . 2 Highest Loss Streak 5 | . . 5 To Critical Strikes . | . . . Average Slot Usage (%) 99 | . 100 97 Engine 4 | . 5 . Core 9 | . 8 12 Treads 27 | . 27 28 Device 6 | . 7 1 Storage 14 | . 14 14 Processor 3 | . 4 . Protection 3 | . 1 12 Ballistic Gun 27 | . 28 22 Naked Turns . | . . . Heaviest Build 31 | 14 31 31 Greatest Support 40 | 40 40 40 Greatest Overweight (x) . | . . . Average Overweight (x) . | . . . Largest Inventory Capacity 15 | 8 15 15 Average Capacity 13 | 7 14 15 Most Carried 15 | 8 15 15 Average Carried 10 | 6 11 14 Final Capacity 15 | 8 15 15 Final Carried 15 | 8 15 14 Class Distribution -------------------- 78% | Mutant 21% | Scavenger-Mutant Dominant Class ---------------- Mutant | -10/Materials Mutant | -10/Subcaves Resources | -11 -10 -10 ----------- Run | Yrd Mat Sub Matter Collected 1027 | 489 492 46 Remotely . | . . . Salvage Created 978 | 267 627 84 Parts 63 | 17 42 4 Haulers Intercepted 2 | . 2 . Recyclers Shooed 1 | . 1 . Parts Field Recycled . | . . . Retrieved Matter . | . . . Parts Self-Destructed . | . . . Prevented . | . . . Kills | -11 -10 -10 ------- Run | Yrd Mat Sub Combat Hostiles Destroyed 15 | . 13 2 Guns 15 | . 13 2 Classes Destroyed 9 | 3 5 1 Worker 4 | 4 . . Builder 1 | . 1 . Tunneler 5 | 5 . . Hauler 2 | . 2 . Recycler 1 | 1 . . Watcher 3 | . 3 . Swarmer 5 | . 5 . Grunt 8 | . 8 . Subdweller 2 | . . 2 Best Kill Streak 6 | 3 6 1 Combat Bots Only 5 | . 5 1 Max Kills in Single Turn 2 | 1 2 1 Gunslinging 1 | . 1 . Exploded . | . . . Melee . | . . . Uniques/NPCs Destroyed . | . . . Combat | -11 -10 -10 -------- Run | Yrd Mat Sub Hostile Shots Fired 130 | . 86 44 Missed 36 | . 25 11 Damage Taken 1333 | . 638 695 Core 251 | . 116 135 Absorbed by Shields . | . . . Core Remaining (%) 100 | 100 . . Volleys Fired 100 | 19 62 19 Largest 2 | 2 2 2 Hottest 100 | 40 40 100 Shots Fired 193 | 38 124 31 Gun 187 | 38 124 25 Cannon . | . . . Launcher . | . . . Special 6 | . . 6 Kinetic 187 | 38 124 25 Thermal 6 | . . 6 Explosive . | . . . Electromagnetic . | . . . Robot Hit Streak 9 | 9 9 7 Robot Miss Streak 4 | 2 4 1 Penetration Max . | . . . Secondary Targets 5 | . 4 1 Max Gunslinging Chain 1 | . 1 1 Shots Hit Robots 114 | 24 71 19 Core Hits 50 | 11 30 9 Critical Kills . | . . . Critical Parts Destroyed 1 | . 1 . Critical Strikes 1 | . 1 . Destroy 1 | . 1 . Melee Attacks . | . . . Impact . | . . . Slashing . | . . . Piercing . | . . . Sneak Attacks . | . . . Combat Hostiles . | . . . Follow-up Attacks . | . . . Damage Inflicted 1409 | 286 913 210 Guns 1409 | 286 913 210 Cannons . | . . . Explosions . | . . . Melee . | . . . Ramming . | . . . Kinetic 1409 | 286 913 210 Thermal . | . . . Explosive . | . . . Electromagnetic . | . . . Impact . | . . . Slashing . | . . . Piercing . | . . . Highest Corruption . | . . . Average Corruption . | . . . Corruption Purged . | . . . Corruption Blocked . | . . . Overload Shots . | . . . Overflow Damage . | . . . Projectiles . | . . . Explosions . | . . . Melee . | . . . Knockbacks . | . . . Impact . | . . . Kinetic . | . . . Secondary . | . . . Self-Inflicted Damage . | . . . Shots . | . . . Rammed . | . . . Targets Rammed . | . . . Kicked . | . . . Crushed . | . . . Highest Temperature 66 | . 66 . Average Temperature 21 | . 21 . Received Heat Transfer 336 | . 243 93 Siege Activations . | . . . Robots Corrupted . | . . . Combat Hostiles . | . . . Parts Fried . | . . . Impact Corruptions . | . . . Robots Melted . | . . . Combat Hostiles . | . . . Parts Melted . | . . . Heat Transferred . | . . . Parts Sabotaged . | . . . Parts Stolen . | . . . Parts Stripped . | . . . Power Chain Reactions . | . . . Alert | -11 -10 -10 ------- Run | Yrd Mat Sub Peak Influence 214 | 50 214 . Initial . | . . . Average 67 | 22 82 . Maximum Alert Level 1 | . 1 . Low Security (%) 89 | 100 86 . Level 1 10 | . 13 . Level 2 . | . . . Level 3 . | . . . Level 4 . | . . . Level 5 . | . . . High Security . | . . . Max Security . | . . . Squads Dispatched 3 | . 3 . Investigation 3 | . 3 . Extermination . | . . . Reinforcement . | . . . Assault . | . . . Garrison . | . . . Intercept . | . . . Searches Triggered . | . . . Construction Impeded . | . . . Haulers Reinforced . | . . . Active Scanning Responses . | . . . Cargo Convoy Interrupts . | . . . Stealth | -11 -10 -10 --------- Run | Yrd Mat Sub Distress Signals 2 | . 2 . Communications Jammed . | . . . Distress Signals . | . . . Times Spotted 28 | . 21 7 Peak Tracking Total 6 | . 4 6 Tactical Retreats . | . . . Traps | -11 -10 -10 ------- Run | Yrd Mat Sub Traps Triggered 3 | . 3 . Indirectly . | . . . Trap Hack Attempts . | . . . Triggered . | . . . Disarmed . | . . . Reprogrammed . | . . . Reused . | . . . Traps Extracted . | . . . Installed . | . . . Triggered . | . . . Machines | -11 -10 -10 ---------- Run | Yrd Mat Sub Machines Disabled 1 | . 1 . Max in Single Turn 1 | . 1 . Machines Repaired . | . . . Machines Dismantled . | . . . Machines Sabotaged . | . . . Overloaded Fab Kills . | . . . Hacking | -11 -10 -10 --------- Run | Yrd Mat Sub Machines Accessed 4 | . 4 . Terminals 3 | . 3 . Fabricators . | . . . Repair Stations 1 | . 1 . Recycling Units . | . . . Scanalyzers . | . . . Garrison Access . | . . . Total Hacks 6 | . 6 . Successful 2 | . 2 . Failed 4 | . 4 . Catastrophic 1 | . 1 . Database Lockouts . | . . . Manual 1 | . 1 . Terminals 4 | . 4 . Fabricators . | . . . Repair Stations 2 | . 2 . Recycling Units . | . . . Scanalyzers . | . . . Garrison Access . | . . . Terminal Hacks 1 | . 1 . Alert Level 1 | . 1 . Fabricator Hacks . | . . . Repair Station Hacks 1 | . 1 . Scan Component 1 | . 1 . Recycling Unit Hacks . | . . . Scanalyzer . | . . . Garrison Access Hacks . | . . . Unauthorized Hacks . | . . . Terminals . | . . . Fabricators . | . . . Repair Stations . | . . . Recycling Units . | . . . Scanalyzers . | . . . Garrison Access . | . . . Data Cores Recovered . | . . . Used . | . . . Hacking Detections 4 | . 4 . Full Trace Events . | . . . Feedback Events . | . . . Feedback Blocked . | . . . Robot Schematics Acquired . | . . . Robots Built . | . . . Authchips . | . . . Time . | . . . Total Robot Build Rating . | . . . Part Schematics Acquired . | . . . Parts Built . | . . . Authchips . | . . . Time . | . . . Total Part Build Rating . | . . . Parts Repaired . | . . . Time . | . . . Parts Recycled . | . . . Recycled Matter . | . . . Retrieved Matter . | . . . Retrieved Components . | . . . Parts Scanalyzed . | . . . Part Schematics Acquired . | . . . Parts Damaged . | . . . Bothacking | -11 -10 -10 ------------ Run | Yrd Mat Sub Used RIF Installer . | . . . Robots Hacked . | . . . Non-combat . | . . . Combat . | . . . Robot Hacks Applied . | . . . Relay Couplers Released . | . . . Fabnet Peak Effective % . | . . . Robots Rewired . | . . . Allies Hacked . | . . . Hacks Repelled . | . . . Allies | -11 -10 -10 -------- Run | Yrd Mat Sub Total Allies . | . . . Largest Group . | . . . Highest-Rated Group . | . . . Highest-Rated Ally . | . . . Total Orders . | . . . Ally Attacks . | . . . Total Damage . | . . . Kills . | . . . Allies Corrupted . | . . . Allies Melted . | . . . Intel | -11 -10 -10 ------- Run | Yrd Mat Sub Robot Analysis Total . | . . . Derelict Logs Recovered . | . . . Drone Launches . | . . . Drone Recoveries . | . . . Exploration | -11 -10 -10 ------------- Run | Yrd Mat Sub Turns Passed 1866 | 418 1235 213 Spaces Moved 975 | 260 624 91 Core 3 | 3 . . Treads 768 | 53 624 91 Legs 204 | 204 . . Wheels . | . . . Hover . | . . . Flight . | . . . Fastest Speed 50 | 50 160 160 Average Speed 151 | 127 160 160 Slowest Speed 160 | 160 160 160 Overloaded Moves . | . . . Propulsion Burnouts . | . . . Robots Hopped . | . . . Cave-ins Triggered . | . . . Exploration Rate (%) 34 | 10 83 10 Regions Visited 2 Branch Regions 1 Pre-discovered Areas . | . . . Known Exits Taken . | . . . Unknown Exits Taken 2 | 1 1 . Scrap Searched . | . . . Spaces Dug . | . . . Terrain Destroyed . | . . . Melee . | . . . Projectile . | . . . AOE . | . . . Terrain Rammed . | . . . Walls Destroyed . | . . . Machines Disabled . | . . . Actions | -11 -10 -10 --------- Run | Yrd Mat Sub Total 1165 | 306 742 117 Wait 4 | . 3 1 Move 973 | 259 623 91 Hop . | . . . Pick Up 38 | 15 22 1 Fast Attach 1 | 1 . . Attach 6 | 6 . . Detach . | . . . Swap 25 | 5 17 3 Drop 18 | 1 15 2 Fire 100 | 19 62 19 Melee . | . . . Ram . | . . . Kick . | . . . Crush . | . . . Escape Stasis . | . . . Rewire . | . . . Trap . | . . . Miscellaneous . | . . . Route ------- -11/Scrapyard -10/Materials (discovered 5 exits: [*Mat x3] / [*Min] / [*Sub]) -10/Subcaves History --------- Turn | Location | Event 10 | -11/Scrapyard | Discovered new exit (range 16) 419 | -11/Scrapyard | Entered Materials 420 | -10/Materials | Build established: Mutant 469 | -10/Materials | Discovered new exit (range 13) 584 | -10/Materials | Discovered new exit (range 4) 869 | -10/Materials | Discovered new exit (range 4) 1054 | -10/Materials | Discovered new exit (range 4) 1584 | -10/Materials | Build established: Scavenger-Mutant 1630 | -10/Materials | Discovered new exit (range 15) 1654 | -10/Materials | Entered Subcaves 1704 | -10/Subcaves | A swath of the cavern ceiling suddenly collapsed 1819 | -10/Subcaves | Ambushed by swarm of Subdwellers 1853 | -10/Subcaves | Core integrity fell below 50% 1856 | -10/Subcaves | Core integrity fell below 20% 1867 | -10/Subcaves | Destroyed by G9-LJ8(R) with Subdweller Beam Cannon Last Messages --------------- 01704_ Bore Cannon crushed. A swath of the cavern ceiling suddenly collapses. 01769_ Subatomizers dissect the Imp. Terrain Scanner. 01807_ D8-5WR(R) destroyed. 01820_ Acquired 38 matter. 01833_ Acquired 4 matter. 01835_ Subatomizers dissect the Sub. Optics. 01836_ Acquired 4 matter. 01838_ Lgt. Nuclear Core destroyed. 01849_ 2R-6GB(R) affixes Scrap Shield Fragment to Scrap Shield. 01855_ Lgt. Armor Plating destroyed. 01862_ 5H-YLX(R) destroyed. 01862_ Switching to secondary target: 2R-6GB(R). 01862_ Lgt. Treads destroyed. 01864_ Subatomizers dissect the Sub. Optics. 01865_ Lgt. Assault Rifle destroyed. 01866_ Assault Rifle destroyed. Map ----- +----------------------------------------------------+ | ??????????# "###""###"## ###########?????????????? | | ????? " ##""##"#########??????????????????? | | ???? # #""## ####???????????????????????? | | ???? ##### #########??????????????????? | | ????? ##?# # "" ???????????????????? | | ?????###########???## #????????????????????????? | | ???????????????????## # #??????????? #???????????? | | ???????????????????# # #????????? ????????????? | | ??????????????????## # #???????? ??????????????? | | ??????????????????# ###???? ????????????????? | | ??????????????????# #### #?????????????????? | | ??????????????????### ## ##????????????????? | | ????????????????????#### #????????????????? | | ???????????????????????## ### %#???????????????? | | ???????????????????????# #?? ##???????????????? | | ???????????????????????## ###??##???????????????? | | ???????????????????????## ## ###?????????????? | | ???????????????????????# !%! #?????????????? | | ???????????????????????### ## #### ???????? | | ????????????????????????## ##? ???????? | | ???????????????????????##R#%R ## #???????? | | ???????????????????????# %R R #???????? | | ?????????????????????### #???????? | | ????????????????????## % #??????? | | ????????????????????# #??????? | | ????????????????????# @ ???????? | | ????????????????????## % ???????? | | ?????????????????????# ## ????????? | | ?????????????????????# ### #? ????????? | | ????????????????????# ??? ????????? | | ????????????????????### ??? ?????????? | | ??????????????????????###???# % ## ??????????? | | ?????????????????????????????# ##?? ??????????? | | ?????????????????????????????? ##???????????????? | | ?????????????????????????????? #????????????????? | | ?????????????????????????????? % ????????????????? | | ??????????????????????????????? ???????????????? | | ?????????????????????????????????????????????????? | | ?????????????????????????????????????????????????? | | ?????????????????????????????????????????????????? | | ?????????????????????????????????????????????????? | | ?????????????????????????????????????????????????? | | ?????????????????????????????????????????????????? | | ?????????????????????????????????????????????????? | | ?????????????????????????????????????????????????? | | ?????????????????????????????????????????????????? | | ?????????????????????????????????????????????????? | | ?????????????????????????????????????????????????? | | ?????????????????????????????????????????????????? | | ?????????????????????????????????????????????????? | +----------------------------------------------------+ Best States ------------- Heat Dissipation 25 Energy Generation 14 Energy Capacity 250 Matter Stores 400 Matter Capacity 400 Sight Range 16 Terrain Scan Range 16 Terrain Scan Density 10 Armor Coverage 150 Evasion (%) 55 Recoil Reduction 2 Item Schematics ----------------- None Robot Schematics ------------------ None Fabricated ------------ Nothing Alien Tech Used ----------------- None Achievements -------------- None Challenges ------------ None Game ------ Seed GuidanceAblativeAirjet Manual? 0 Play Time 00:17:13 Cumulative 13.4 hours Start 2024.04.17 @ 17:35:07 End 2024.04.17 @ 17:54:25 Sessions 1 Manual Loads 0 Difficulty Rogue Special Mode None Game No. 11 Rogue 6 Adventurer 5 Explorer 0 Win Type - Total 0 Types 0/0/0/0/0/0/0/0/0 Lore% 18 Gallery% 21 Achievement% 18 Wizard Run 0 Options --------- Layout 2 ASCII 0 Keyboard 0 Movement Mouse Keybinds 0 Fullscreen 2 Font 24/Smallcaps Map View 50x44 Zoom Use 0% Tactical HUD 1 Map Filters NONE Filters NONE Steam 1 RUN: fec69060-6978-4b23-b507-dd68312a8cd2